[Event "Teplice Open 2019"]
[Site "Teplice"]
[Date "2019.06.20"]
[Round "6.9"]
[White "Gumularz, Szymon"]
[Black "Dastan, Muhammed Batuhan"]
[Result "1/2-1/2"]
[ECO "D27"]
[WhiteElo "2495"]
[BlackElo "2561"]
[Annotator "ChessBase"]
[PlyCount "61"]
[EventDate "2019.06.15"]
[EventType "swiss"]
[EventCountry "CZE"]
[SourceTitle "playchess.com"]
[Source "ChessBase"]
[SourceQuality "1"]
[TimeControl "40/5400+30:1800+30"]

1. d4 d5 2. c4 dxc4 3. Nf3 Nf6 4. e3 e6 5. Bxc4 c5 6. O-O a6 7. Bb3 cxd4 8. exd4 Nc6 9. Nc3 Be7 10. Re1 O-O 11. a3 b5 12. d5 exd5 13. Nxd5 Nxd5 14. Bxd5 Bb7 15. Bf4 Bf6 16. Rc1 Rc8 17. b4 Ba8 18. Bd6 Re8 19. Bxf7+ Kxf7 20. Qd5+ Kg6 21. Qd3+ Kf7 22. Qd5+ Kg6 23. Qd3+ Kf7 24. Qd5+ Kg6 25. Qd3+ Kf7 26. Qd5+ Kg6 27. Qd3+ Kf7 28. Qd5+ Kg6 29. Qd3+ Kf7 30. Qd5+ Kg6 31. Qd3+ 1/2-1/2

[Event "Teplice Open 2019"]
[Site "Teplice"]
[Date "2019.06.20"]
[Round "6.10"]
[White "Kraus, Tomas"]
[Black "Stocek, Jiri"]
[Result "1/2-1/2"]
[ECO "E32"]
[WhiteElo "2479"]
[BlackElo "2551"]
[Annotator "ChessBase"]
[PlyCount "44"]
[EventDate "2019.06.15"]
[EventType "swiss"]
[EventCountry "CZE"]
[SourceTitle "playchess.com"]
[Source "ChessBase"]
[SourceQuality "1"]
[TimeControl "40/5400+30:1800+30"]

1. d4 Nf6 2. c4 e6 3. Nc3 Bb4 4. Qc2 O-O 5. e4 d6 6. a3 Bxc3+ 7. bxc3 Nbd7 8. Bd3 c5 9. Ne2 Qc7 10. Ng3 b6 11. f4 cxd4 12. cxd4 Ba6 13. O-O Rac8 14. e5 Nd5 15. exd6 Qxd6 16. Qb3 N5f6 17. Bb2 Rfd8 18. Rad1 Qc6 19. Rc1 Qd6 20. Rcd1 Qc6 21. Rc1 Qd6 22. Rcd1 Qc6 1/2-1/2

[Event "Teplice Open 2019"]
[Site "Teplice"]
[Date "2019.06.20"]
[Round "6.11"]
[White "Babula, Vlastimil"]
[Black "Georgescu, Lena"]
[Result "1/2-1/2"]
[ECO "E15"]
[WhiteElo "2550"]
[BlackElo "2200"]
[Annotator "ChessBase"]
[PlyCount "69"]
[EventDate "2019.06.15"]
[EventType "swiss"]
[EventCountry "CZE"]
[SourceTitle "playchess.com"]
[Source "ChessBase"]
[SourceQuality "1"]
[TimeControl "40/5400+30:1800+30"]

1. d4 Nf6 2. c4 e6 3. Nf3 b6 4. g3 Bb4+ 5. Bd2 Bxd2+ 6. Qxd2 Ba6 7. b3 O-O 8. Nc3 d5 9. cxd5 exd5 10. Bg2 c5 11. O-O Nc6 12. dxc5 bxc5 13. Nh4 Rc8 14. Rac1 Re8 15. Rfe1 d4 16. Na4 c4 17. bxc4 Ne5 18. c5 d3 19. Nf5 dxe2 20. Nd6 Nd3 21. Nxe8 Qxe8 22. c6 Nxc1 23. Qxc1 Bb5 24. Nc3 Bxc6 25. Rxe2 Qd7 26. Rd2 Qb7 27. Bxc6 Qxc6 28. Rd3 g6 29. Qd2 Kg7 30. h3 h6 31. Kh2 Kh7 32. Nd5 Nxd5 33. Rxd5 Rc7 34. Qd4 Qb6 35. Qxb6 1/2-1/2

[Event "Teplice Open 2019"]
[Site "Teplice"]
[Date "2019.06.20"]
[Round "6.12"]
[White "Warmerdam, Max"]
[Black "Dragnev, Valentin"]
[Result "1/2-1/2"]
[ECO "C83"]
[WhiteElo "2475"]
[BlackElo "2521"]
[Annotator "ChessBase"]
[PlyCount "61"]
[EventDate "2019.06.15"]
[EventType "swiss"]
[EventCountry "CZE"]
[SourceTitle "playchess.com"]
[Source "ChessBase"]
[SourceQuality "1"]
[TimeControl "40/5400+30:1800+30"]

1. e4 e5 2. Nf3 Nc6 3. Bb5 a6 4. Ba4 Nf6 5. O-O Nxe4 6. d4 b5 7. Bb3 d5 8. dxe5 Be6 9. c3 Be7 10. Re1 O-O 11. Nbd2 Nc5 12. Nd4 Nxd4 13. cxd4 Nd3 14. Re3 Nxc1 15. Rxc1 Rc8 16. Rec3 a5 17. Bc2 c5 18. dxc5 d4 19. Rg3 Rxc5 20. Bxh7+ Kxh7 21. Rxc5 Bxc5 22. Qh5+ Kg8 23. Ne4 Be7 24. Qh6 g6 25. Rxg6+ fxg6 26. Qxg6+ Kh8 27. Qh6+ Kg8 28. Qg6+ Kh8 29. Qh6+ Kg8 30. Qg6+ Kh8 31. Qh6+ 1/2-1/2

[Event "Teplice Open 2019"]
[Site "Teplice"]
[Date "2019.06.20"]
[Round "6.14"]
[White "Shevchenko, Kirill"]
[Black "Efroimski, Marsel"]
[Result "1-0"]
[ECO "D37"]
[WhiteElo "2539"]
[BlackElo "2327"]
[Annotator "ChessBase"]
[PlyCount "97"]
[EventDate "2019.06.15"]
[EventType "swiss"]
[EventCountry "CZE"]
[SourceTitle "playchess.com"]
[Source "ChessBase"]
[SourceQuality "1"]
[TimeControl "40/5400+30:1800+30"]

1. d4 d5 2. c4 e6 3. Nc3 a6 4. cxd5 exd5 5. Nf3 Nf6 6. Bg5 Be6 7. e3 Nbd7 8. Bd3 Bd6 9. Bh4 h6 10. Rc1 c6 11. a3 Rc8 12. Bg3 Bxg3 13. hxg3 Bg4 14. b4 Qe7 15. Qb3 O-O 16. Nd2 Rfe8 17. Na4 Bh5 18. Nc5 Nf8 19. Nf3 Bg6 20. Ne5 Bxd3 21. Qxd3 Ne4 22. Nxe4 dxe4 23. Qb3 Nd7 24. Nxd7 Qxd7 25. Rh5 Re6 26. a4 Kh7 27. Rhc5 b6 28. R5c3 Rf6 29. Qc2 Qe7 30. b5 axb5 31. axb5 Qb4 32. Qxe4+ g6 33. Qb1 Qa5 34. Ke2 Rf5 35. bxc6 Rf6 36. Kf1 h5 37. c7 Qd5 38. Qd3 Qd7 39. Kg1 Kg7 40. Qe4 Re6 41. Qb7 g5 42. Rc6 h4 43. Rxe6 Qxe6 44. gxh4 gxh4 45. d5 Qg4 46. Qxc8 Qxc8 47. d6 h3 48. d7 Qa8 49. gxh3 1-0

[Event "Teplice Open 2019"]
[Site "Teplice"]
[Date "2019.06.20"]
[Round "6.15"]
[White "Mikes, Jan"]
[Black "Salomon, Johan"]
[Result "0-1"]
[ECO "C11"]
[WhiteElo "2404"]
[BlackElo "2509"]
[Annotator "ChessBase"]
[PlyCount "74"]
[EventDate "2019.06.15"]
[EventType "swiss"]
[EventCountry "CZE"]
[SourceTitle "playchess.com"]
[Source "ChessBase"]
[SourceQuality "1"]
[TimeControl "40/5400+30:1800+30"]

1. e4 e6 2. d4 d5 3. Nc3 Nf6 4. e5 Nfd7 5. f4 c5 6. Nf3 Nc6 7. Be3 Be7 8. Qd2 O-O 9. dxc5 Qa5 10. a3 a6 11. Be2 Bxc5 12. Bxc5 Qxc5 13. b4 Qb6 14. Na4 Qa7 15. Nb2 f6 16. c4 fxe5 17. cxd5 exd5 18. Qxd5+ Kh8 19. Ng5 Nf6 20. Nf7+ Rxf7 21. Qxf7 Bf5 22. Nc4 Nd4 23. Ra2 Be6 24. Qe7 Re8 25. Qc7 Rc8 26. Qxe5 Bxc4 27. Bxc4 Re8 28. Rd2 Nc6 29. Qxe8+ Nxe8 30. Kd1 Nf6 31. Re1 h5 32. Bf7 Kh7 33. h3 b5 34. Ba2 Nd4 35. Bb1+ g6 36. Re3 Nf5 37. Re1 Ne3+ 0-1

[Event "Teplice Open 2019"]
[Site "Teplice"]
[Date "2019.06.20"]
[Round "6.16"]
[White "Morgunov, Marc"]
[Black "Janik, Igor"]
[Result "0-1"]
[ECO "B31"]
[WhiteElo "2351"]
[BlackElo "2483"]
[Annotator "ChessBase"]
[PlyCount "73"]
[EventDate "2019.06.15"]
[EventType "swiss"]
[EventCountry "CZE"]
[SourceTitle "playchess.com"]
[Source "ChessBase"]
[SourceQuality "1"]
[TimeControl "40/5400+30:1800+30"]

1. e4 c5 2. Nc3 Nc6 3. Bb5 Nd4 4. Nf3 g6 5. O-O Bg7 6. Nxd4 cxd4 7. Ne2 Nf6 8. d3 O-O 9. c3 dxc3 10. Nxc3 a6 11. Bc4 b5 12. Bb3 d6 13. Qe2 Bb7 14. Be3 Rc8 15. a3 e6 16. f4 d5 17. Bf2 Nh5 18. g3 Bxc3 19. bxc3 Rxc3 20. Rfc1 Qc7 21. Rcb1 dxe4 22. dxe4 Nf6 23. Bd4 Nxe4 24. Rb2 Rc6 25. Re1 Rd6 26. Be5 Qc5+ 27. Qe3 Rd3 28. Qxc5 Nxc5 29. Ba2 Nd7 30. a4 Nxe5 31. Rxe5 Bc6 32. axb5 Bxb5 33. Rc2 Rfd8 34. Re1 Rd2 35. Rec1 Kg7 36. Bb3 Kf6 37. Ba2 {[%emt 0:00:19] Ke5} 0-1

[Event "Teplice Open 2019"]
[Site "Teplice"]
[Date "2019.06.20"]
[Round "6.17"]
[White "Serrano, Salvador Eduardo"]
[Black "Blohberger, Felix"]
[Result "0-1"]
[ECO "D03"]
[WhiteElo "2334"]
[BlackElo "2475"]
[Annotator "ChessBase"]
[PlyCount "83"]
[EventDate "2019.06.15"]
[EventType "swiss"]
[EventCountry "CZE"]
[SourceTitle "playchess.com"]
[Source "ChessBase"]
[SourceQuality "1"]
[TimeControl "40/5400+30:1800+30"]

1. d4 Nf6 2. Nf3 d5 3. Bg5 Ne4 4. Bh4 h5 5. Nfd2 g5 6. Nxe4 gxh4 7. Ned2 Nc6 8. Nf3 Bg7 9. Nc3 Bg4 10. e3 e5 11. dxe5 Nxe5 12. Be2 h3 13. gxh3 Bxf3 14. Bxf3 c6 15. Be2 Qb6 16. Rb1 O-O-O 17. Bxh5 d4 18. Bg4+ f5 19. Bxf5+ Kb8 20. Ne4 dxe3 21. Qe2 Rhf8 22. Ng3 Rd2 23. Qxe3 Qxe3+ 24. fxe3 Nf3+ 25. Kf1 Nxh2+ 26. Rxh2 Rxh2 27. Kg1 Rd2 28. Ne4 Re2 29. Rf1 Bh6 30. Ng3 Rxe3 31. Kg2 Bg7 32. Bd3 Rxf1 33. Nxf1 Re1 34. b3 b5 35. Ng3 Ra1 36. Nf5 Bf6 37. h4 Rxa2 38. h5 a5 39. h6 a4 40. bxa4 bxa4 41. Ne3 a3 42. Nc4 0-1

[Event "Teplice Open 2019"]
[Site "Teplice"]
[Date "2019.06.20"]
[Round "6.18"]
[White "Cernousek, Lukas"]
[Black "Rubes, Jan"]
[Result "0-1"]
[ECO "A78"]
[WhiteElo "2466"]
[BlackElo "2352"]
[Annotator "RC"]
[PlyCount "158"]
[EventDate "2019.06.15"]
[EventType "swiss"]
[EventCountry "CZE"]
[SourceTitle "playchess.com"]
[Source "ChessBase"]
[SourceQuality "1"]
[TimeControl "40/5400+30:1800+30"]

1. d4 Nf6 2. c4 e6 3. Nf3 c5 4. d5 exd5 5. cxd5 d6 6. Nc3 g6 7. Nd2 Bg7 8. e4 O-O 9. Be2 Na6 10. O-O Nc7 11. a4 b6 12. Re1 Re8 13. h3 Rb8 14. Bb5 Rf8 15. Nc4 a6 16. Bc6 Nd7 17. Nxd6 Ne5 18. Nxc8 Rxc8 19. Bf4 Nxc6 20. dxc6 Bd4 21. Nd5 Nxd5 22. exd5 Qxd5 23. c7 Qc6 24. Rc1 Bxb2 25. Rc2 Qxa4 26. Rxb2 Qxf4 27. Rxb6 Rxc7 28. Rxa6 c4 29. Ra4 Rfc8 30. Re3 Qf6 31. Qc2 c3 32. Ra3 Qd4 33. g3 Qb4 34. Ra4 Qb2 35. Ra2 Qxa2 36. Qxa2 c2 37. Re1 c1=Q 38. Rxc1 Rxc1+ 39. Kg2 R1c2 40. Qd5 Re2 41. h4 h5 42. g4 hxg4 43. h5 Re6 44. Qg5 Kh7 45. hxg6+ Rxg6 46. Qf5 Rf8 47. Kg3 Kg8 48. Qd7 Rb8 49. Qd5 Rbb6 50. Qd8+ Kh7 51. Qe7 Rb3+ 52. Kg2 Rf3 53. Qh4+ Kg7 54. Qh5 Kg8 55. Qh4 Rf5 56. Kh1 Kg7 57. Kg1 Rgf6 58. Qg3 Rxf2 59. Qe5 R2f5 60. Qd4 Rg5 61. Kg2 g3 62. Qc3 Rgg6 63. Qe5 Kg8 64. Qe8+ Kh7 65. Qe4 Rf2+ 66. Kg1 Rff6 67. Kg2 Re6 68. Qd3 Kh6 69. Qd2+ Rg5 70. Qd8 Re2+ 71. Kg1 g2 72. Qf6+ Rg6 73. Qh4+ Kg7 74. Qd4+ Kg8 75. Qd8+ Kh7 76. Qa5 Ree6 77. Qh5+ Kg7 78. Qh4 Ref6 79. Qd4 Kg8 0-1

[Event "Teplice Open 2019"]
[Site "Teplice"]
[Date "2019.06.20"]
[Round "6.20"]
[White "Gungl, Theo"]
[Black "Song, Raymond"]
[Result "1/2-1/2"]
[ECO "A87"]
[WhiteElo "2313"]
[BlackElo "2450"]
[Annotator "ChessBase"]
[PlyCount "86"]
[EventDate "2019.06.15"]
[EventType "swiss"]
[EventCountry "CZE"]
[SourceTitle "playchess.com"]
[Source "ChessBase"]
[SourceQuality "1"]
[TimeControl "40/5400+30:1800+30"]

1. d4 f5 2. c4 Nf6 3. g3 g6 4. Bg2 Bg7 5. Nf3 O-O 6. Nc3 d6 7. O-O Qe8 8. d5 Na6 9. Nd4 Nc5 10. e3 a5 11. Qc2 Bd7 12. Bd2 c6 13. Nb3 Nxb3 14. Qxb3 c5 15. a4 g5 16. Qd1 Qg6 17. f4 h5 18. fxg5 Qxg5 19. Qe1 Ng4 20. Nd1 Ne5 21. Qe2 h4 22. Be1 hxg3 23. Bxg3 Qg4 24. Qxg4 fxg4 25. Bxe5 Bxe5 26. Ra2 Kg7 27. Rxf8 Rxf8 28. b3 Bf5 29. Bf1 Rh8 30. Rg2 g3 31. hxg3 Be4 32. Nf2 Bxg2 33. Kxg2 Bb2 34. Bd3 Kf6 35. Kf3 Bc1 36. g4 Kg5 37. Bf5 Kf6 38. Ne4+ Ke5 39. Nf2 Bd2 40. Be6 Rf8+ 41. Ke2 Rxf2+ 42. Kxf2 Kf6 43. Ke2 Ke5 1/2-1/2

[Event "Teplice Open 2019"]
[Site "Teplice"]
[Date "2019.06.20"]
[Round "6.21"]
[White "Ankit, R. Rajpara"]
[Black "Karas, Marek"]
[Result "1-0"]
[ECO "E04"]
[WhiteElo "2447"]
[BlackElo "2268"]
[Annotator "NA"]
[PlyCount "135"]
[EventDate "2019.06.15"]
[EventType "swiss"]
[EventCountry "CZE"]
[SourceTitle "playchess.com"]
[Source "ChessBase"]
[SourceQuality "1"]
[TimeControl "40/5400+30:1800+30"]

1. d4 Nf6 2. c4 e6 3. g3 d5 4. Nf3 dxc4 5. Bg2 Bb4+ 6. Bd2 a5 7. Qc2 Bxd2+ 8. Qxd2 b5 9. Qg5 c6 10. Qxg7 Rg8 11. Qh6 Bb7 12. O-O Rg6 13. Qd2 Nbd7 14. b3 cxb3 15. axb3 Nd5 16. Nc3 b4 17. Ne4 Ba6 18. Rfc1 Bb5 19. Nd6+ Kf8 20. Nh4 Rg7 21. Bxd5 exd5 22. Qh6 Qf6 23. Qxf6 Nxf6 24. Nxb5 cxb5 25. Rc5 Ne4 26. Rxb5 Nc3 27. Rxb4 Nxe2+ 28. Kf1 Nc3 29. Nf5 Rg5 30. Rxa5 Rc8 31. Rc5 Rd8 32. Rxc3 Rxf5 33. Kg2 Rd7 34. Rb8+ Kg7 35. b4 Re7 36. Re3 Rc7 37. Rd8 Rc4 38. Re5 Rf6 39. Rdxd5 Rxb4 40. Re3 Kg6 41. Rf3 Ra6 42. Rd7 f6 43. Rf4 h5 44. Rd5 Rb2 45. Kh3 Rb1 46. Kg2 Rb2 47. Rff5 Raa2 48. h3 Rd2 49. Rf4 Ra6 50. g4 hxg4 51. hxg4 Rd3 52. Rf3 Rd1 53. Rff5 Rd3 54. f3 Rd2+ 55. Kg3 Rd1 56. Rd7 Rg1+ 57. Kf4 Rd1 58. g5 fxg5+ 59. Rxg5+ Kf6 60. Rh5 Kg6 61. Rhd5 Kf6 62. R7d6+ Rxd6 63. Rxd6+ Ke7 64. Ke5 Re1+ 65. Kd5 Rf1 66. Re6+ Kd7 67. Re3 Rf2 68. Ke4 1-0

[Event "Teplice Open 2019"]
[Site "Teplice"]
[Date "2019.06.20"]
[Round "6.22"]
[White "Worek, Joanna"]
[Black "Erenberg, Ariel"]
[Result "*"]
[ECO "C50"]
[WhiteElo "2311"]
[BlackElo "2434"]
[Annotator "NA RC"]
[PlyCount "74"]
[EventDate "2019.06.15"]
[EventType "swiss"]
[EventCountry "CZE"]
[SourceTitle "playchess.com"]
[Source "ChessBase"]
[SourceQuality "1"]
[TimeControl "40/5400+30:1800+30"]

1. e4 e5 2. Nf3 Nc6 3. Bc4 Bc5 4. O-O Nf6 5. d3 d6 6. a4 a5 7. c3 h6 8. Re1 O-O 9. Nbd2 Be6 10. Bxe6 fxe6 11. Nf1 Qe8 12. Be3 Bxe3 13. Rxe3 Qf7 14. d4 exd4 15. cxd4 Rad8 16. Qe2 Nb4 17. h3 Nh5 18. Rc1 Nf4 19. Qd2 Qg6 20. Ng3 Rd7 21. Ne1 Rdf7 22. Nh1 h5 23. Kh2 h4 24. f3 Qg5 25. Rcc3 Nc6 26. Rb3 Nb4 27. Rbc3 d5 28. Nc2 Nxc2 29. Qxc2 e5 30. Re1 exd4 31. Rc5 b6 32. Rb5 Qe5 33. Kg1 c6 34. Rxb6 d3 35. Qf2 Ne2+ 36. Rxe2 dxe2 37. Qxe2 dxe4 *

[Event "Teplice Open 2019"]
[Site "Teplice"]
[Date "2019.06.20"]
[Round "6.23"]
[White "Kett, Tim"]
[Black "Cawdery, Daniel"]
[Result "1/2-1/2"]
[ECO "D00"]
[WhiteElo "2197"]
[BlackElo "2428"]
[Annotator "NA"]
[PlyCount "60"]
[EventDate "2019.06.15"]
[EventType "swiss"]
[EventCountry "CZE"]
[SourceTitle "playchess.com"]
[Source "ChessBase"]
[SourceQuality "1"]
[TimeControl "40/5400+30:1800+30"]

1. d4 Nf6 2. Nc3 d5 3. Bf4 g6 4. e3 Bg7 5. h4 c5 6. Nb5 Na6 7. c3 Qb6 8. a4 c4 9. Nf3 O-O 10. b3 cxb3 11. Qxb3 Qa5 12. h5 Bd7 13. hxg6 hxg6 14. Ne5 Bxb5 15. Bxb5 Rac8 16. Rc1 Nc7 17. O-O Ne6 18. Bh2 Nc7 19. Bd3 Ne6 20. Qb4 Qxb4 21. cxb4 Rfd8 22. Rfd1 Ne8 23. Kf1 Nd6 24. Ke2 Rxc1 25. Rxc1 Rc8 26. Rxc8+ Nxc8 27. Nd7 Nd8 28. Kd2 e6 29. Be5 Bxe5 30. Nxe5 Nd6 1/2-1/2

[Event "Teplice Open 2019"]
[Site "Teplice"]
[Date "2019.06.20"]
[Round "6.24"]
[White "Mazur, Stefan"]
[Black "Thorsbro, Peter"]
[Result "1-0"]
[ECO "C46"]
[WhiteElo "2426"]
[BlackElo "2142"]
[Annotator "NA"]
[PlyCount "53"]
[EventDate "2019.06.15"]
[EventType "swiss"]
[EventCountry "CZE"]
[SourceTitle "playchess.com"]
[Source "ChessBase"]
[SourceQuality "1"]
[TimeControl "40/5400+30:1800+30"]

1. e4 e5 2. Nf3 Nc6 3. Nc3 Bc5 4. Nxe5 Bxf2+ 5. Kxf2 Nxe5 6. d4 Nc6 7. Be3 d6 8. Be2 Nge7 9. Rf1 O-O 10. Kg1 f5 11. Bc4+ Kh8 12. Bg5 fxe4 13. Qh5 Bf5 14. Nd5 Bg6 15. Qh4 Re8 16. Bb5 Nxd5 17. Bxd8 Raxd8 18. Rae1 Nf6 19. Rxf6 gxf6 20. d5 a6 21. dxc6 axb5 22. Qxf6+ Kg8 23. cxb7 Rb8 24. h4 Rxb7 25. h5 Bxh5 26. Qg5+ Kh8 27. Qxh5 1-0

[Event "Teplice Open 2019"]
[Site "Teplice"]
[Date "2019.06.20"]
[Round "6.26"]
[White "Morgunov, Daniel"]
[Black "Vogel, Roven"]
[Result "1/2-1/2"]
[ECO "B11"]
[WhiteElo "2289"]
[BlackElo "2471"]
[Annotator "ChessBase"]
[PlyCount "82"]
[EventDate "2019.06.15"]
[EventType "swiss"]
[EventCountry "CZE"]
[SourceTitle "playchess.com"]
[Source "ChessBase"]
[SourceQuality "1"]
[TimeControl "40/5400+30:1800+30"]

1. e4 c6 2. Nf3 d5 3. Nc3 Nf6 4. e5 Ne4 5. Ne2 Qb6 6. d4 e6 7. Ng3 c5 8. Bd3 Nxg3 9. hxg3 cxd4 10. a3 Nc6 11. b4 Bd7 12. g4 O-O-O 13. Bf4 h6 14. g5 hxg5 15. Rxh8 gxf4 16. Kf1 f6 17. Qe2 Qc7 18. Rh5 Be8 19. Rh8 Bd7 20. Bb5 Nxe5 21. Nxd4 Kb8 22. Bxd7 Qxd7 23. Rd1 Rc8 24. Qb5 Qf7 25. a4 Nc4 26. Nxe6 Qxe6 27. Qxd5 Qxd5 28. Rxd5 Ne5 29. Rg8 Bxb4 30. Rxg7 Rxc2 31. Rd8+ Rc8 32. Rgg8 Rxd8 33. Rxd8+ Kc7 34. Rd4 Be7 35. Rxf4 a6 36. Ke2 b5 37. axb5 axb5 38. Rf5 Kb6 39. f4 Nf7 40. Rh5 Bc5 41. g4 Kc6 1/2-1/2

[Event "Teplice Open 2019"]
[Site "Teplice"]
[Date "2019.06.20"]
[Round "6.27"]
[White "Real, Thibault"]
[Black "Abdumalik, Zhansaya"]
[Result "0-1"]
[ECO "A31"]
[WhiteElo "2266"]
[BlackElo "2464"]
[Annotator "RC"]
[PlyCount "102"]
[EventDate "2019.06.15"]
[EventType "swiss"]
[EventCountry "CZE"]
[SourceTitle "playchess.com"]
[Source "ChessBase"]
[SourceQuality "1"]
[TimeControl "40/5400+30:1800+30"]

1. Nf3 Nf6 2. c4 c5 3. Nc3 b6 4. e4 d6 5. d4 cxd4 6. Nxd4 e6 7. Be2 Bb7 8. f3 a6 9. O-O Nbd7 10. Be3 Qc7 11. Qd2 Rc8 12. Rac1 Be7 13. Rfd1 O-O 14. Bf1 h5 15. b3 Rfe8 16. Bd3 Qb8 17. Bb1 h4 18. Bg5 h3 19. gxh3 Rc5 20. h4 Bf8 21. Qg2 Nh7 22. Be3 Rh5 23. Bf2 Be7 24. Kh1 Bxh4 25. Bxh4 Rxh4 26. Nde2 Rh6 27. Rg1 g6 28. Qf2 Kg7 29. Rcd1 Nhf6 30. Ng3 Reh8 31. Rg2 Ne5 32. Bd3 Qc7 33. Be2 b5 34. Qd4 bxc4 35. bxc4 Qa5 36. Nd5 exd5 37. Nf5+ Kg8 38. Nxh6+ Rxh6 39. f4 Ned7 40. e5 dxe5 41. fxe5 dxc4 42. exf6 Qg5 43. Qf2 Ne5 44. Rd6 c3 45. Bxa6 Ng4 46. Bxb7 Nxf2+ 47. Rxf2 Qc1+ 48. Kg2 Rh5 49. Rd8+ Kh7 50. Be4 Qe3 51. Bc2 Rxh2+ 0-1

[Event "Teplice Open 2019"]
[Site "Teplice"]
[Date "2019.06.20"]
[Round "6.29"]
[White "Kucera, Petr"]
[Black "Ahlander, Bjorn"]
[Result "1/2-1/2"]
[ECO "D38"]
[WhiteElo "2248"]
[BlackElo "2421"]
[Annotator "NA"]
[PlyCount "109"]
[EventDate "2019.06.15"]
[EventType "swiss"]
[EventCountry "CZE"]
[SourceTitle "playchess.com"]
[Source "ChessBase"]
[SourceQuality "1"]
[TimeControl "40/5400+30:1800+30"]

1. d4 Nf6 2. c4 e6 3. Nf3 d5 4. Nc3 Bb4 5. cxd5 exd5 6. Bg5 h6 7. Bxf6 Qxf6 8. Qb3 Qd6 9. a3 Bxc3+ 10. Qxc3 Bf5 11. e3 Nd7 12. Be2 O-O 13. O-O Nf6 14. Rfc1 c6 15. b4 Ne4 16. Qe1 Rac8 17. a4 Rc7 18. Ne5 Rfc8 19. Nd3 Qg6 20. f3 Nd6 21. Nf4 Qf6 22. g4 Bh7 23. Qg3 g5 24. Nh5 Qe7 25. Qe5 Ne8 26. Qxe7 Rxe7 27. Kf2 Bg6 28. Ng3 Nd6 29. Ra3 Kf8 30. Rac3 Ke8 31. b5 Rec7 32. Ke1 Kd7 33. Kd2 f6 34. Bf1 cxb5 35. axb5 Kd8 36. Rxc7 Rxc7 37. Rc5 b6 38. Rxc7 Kxc7 39. Kc3 Kd7 40. Be2 Ke6 41. Bf1 Ke7 42. Be2 Kf7 43. Bf1 Kf8 44. Be2 Kg7 45. Bf1 Kf7 46. Be2 Ke6 47. Bf1 Bh7 48. Be2 Bb1 49. Kb2 Bh7 50. Kc3 Kd7 51. Bf1 Bg6 52. Be2 Ke6 53. Bf1 Bb1 54. Kb2 Bg6 55. Kc3 {[%emt 0:00:40] Ke5} 1/2-1/2

[Event "Teplice Open 2019"]
[Site "Teplice"]
[Date "2019.06.20"]
[Round "6.30"]
[White "Siddharth, Jagadeesh"]
[Black "Pacan-Milej, Kosma"]
[Result "1-0"]
[ECO "A15"]
[WhiteElo "2416"]
[BlackElo "2247"]
[Annotator "NA"]
[PlyCount "100"]
[EventDate "2019.06.15"]
[EventType "swiss"]
[EventCountry "CZE"]
[SourceTitle "playchess.com"]
[Source "ChessBase"]
[SourceQuality "1"]
[TimeControl "40/5400+30:1800+30"]

1. Nf3 Nf6 2. c4 b6 3. g3 Bb7 4. Bg2 g6 5. O-O Bg7 6. Nc3 O-O 7. Re1 Ne4 8. Nxe4 Bxe4 9. d3 Bb7 10. e4 c5 11. d4 cxd4 12. Nxd4 d6 13. Be3 Nd7 14. Qd2 Ne5 15. Qe2 Rc8 16. b3 Qc7 17. Nb5 Qb8 18. Rac1 Rfd8 19. Nc3 e6 20. Red1 h6 21. Rd2 Nc6 22. Qd1 Rd7 23. f4 Ne7 24. Rd3 Rcd8 25. Qd2 Qa8 26. Bd4 Bc6 27. Bxg7 Kxg7 28. Rd1 a6 29. e5 Qc8 30. Bxc6 Qxc6 31. Rxd6 Rxd6 32. exd6 Qc5+ 33. Qf2 Rxd6 34. Qxc5 Rxd1+ 35. Nxd1 bxc5 36. Nc3 Nc6 37. Na4 Nb4 38. Nxc5 a5 39. a4 Kf6 40. Kf2 Ke7 41. Ke3 f5 42. Kd2 Kd6 43. Nd3 Nc6 44. Kc3 g5 45. c5+ Kd5 46. b4 axb4+ 47. Nxb4+ Nxb4 48. Kxb4 e5 49. c6 Kxc6 50. fxe5 Kd5 1-0

[Event "Teplice Open 2019"]
[Site "Teplice"]
[Date "2019.06.20"]
[Round "6.31"]
[White "Freisler, Pavel"]
[Black "Halvax, Georg"]
[Result "1/2-1/2"]
[ECO "E05"]
[WhiteElo "2246"]
[BlackElo "2408"]
[Annotator "NA"]
[PlyCount "42"]
[EventDate "2019.06.15"]
[EventType "swiss"]
[EventCountry "CZE"]
[SourceTitle "playchess.com"]
[Source "ChessBase"]
[SourceQuality "1"]
[TimeControl "40/5400+30:1800+30"]

1. Nf3 d5 2. d4 Nf6 3. c4 e6 4. g3 Be7 5. Bg2 O-O 6. O-O dxc4 7. Qc2 b6 8. Bg5 Nd5 9. Bxe7 Qxe7 10. Qxc4 Ba6 11. Qc2 Nd7 12. Re1 c5 13. Nc3 Nxc3 14. Qxc3 Rac8 15. Qa3 Nb8 16. Rac1 Rfd8 17. e3 Kf8 18. dxc5 Rxc5 19. Rxc5 Qxc5 20. b4 Qe7 21. Nd4 Rc8 1/2-1/2

[Event "Teplice Open 2019"]
[Site "Teplice"]
[Date "2019.06.20"]
[Round "6.32"]
[White "Di Nicolantonio, Lucas"]
[Black "Horak, Martin"]
[Result "1/2-1/2"]
[ECO "A03"]
[WhiteElo "2379"]
[BlackElo "2244"]
[Annotator "NA"]
[PlyCount "28"]
[EventDate "2019.06.15"]
[EventType "swiss"]
[EventCountry "CZE"]
[SourceTitle "playchess.com"]
[Source "ChessBase"]
[SourceQuality "1"]
[TimeControl "40/5400+30:1800+30"]

1. f4 d5 2. Nf3 g6 3. g3 Bg7 4. Bg2 c5 5. O-O Nc6 6. d3 Nf6 7. c3 O-O 8. Na3 Re8 9. Nh4 e5 10. f5 Ne7 11. e4 dxe4 12. dxe4 Qxd1 13. Rxd1 gxf5 14. Nb5 Rb8 1/2-1/2

[Event "Teplice Open 2019"]
[Site "Teplice"]
[Date "2019.06.20"]
[Round "6.33"]
[White "Riha, Vojtech"]
[Black "Kostolansky, Sebastian Lukas"]
[Result "0-1"]
[ECO "B09"]
[WhiteElo "2244"]
[BlackElo "2379"]
[Annotator "NA"]
[PlyCount "82"]
[EventDate "2019.06.15"]
[EventType "swiss"]
[EventCountry "CZE"]
[SourceTitle "playchess.com"]
[Source "ChessBase"]
[SourceQuality "1"]
[TimeControl "40/5400+30:1800+30"]

1. e4 g6 2. d4 Bg7 3. Nc3 d6 4. f4 Nf6 5. Nf3 O-O 6. Bd3 Na6 7. O-O c5 8. d5 Bg4 9. h3 Bxf3 10. Qxf3 Nb4 11. Be3 Rc8 12. Rf2 Nxd3 13. cxd3 Nd7 14. h4 Qa5 15. h5 Bxc3 16. bxc3 Qxc3 17. Rd1 c4 18. d4 gxh5 19. e5 Kh8 20. Qh3 Nb6 21. exd6 exd6 22. Rf3 Qc2 23. Rc1 Qe4 24. Bf2 Nxd5 25. Qxh5 Rg8 26. Re1 Qg6 27. Qh3 c3 28. f5 Qg4 29. Qxg4 Rxg4 30. Rc1 b5 31. a3 a5 32. Bg3 b4 33. axb4 axb4 34. Bxd6 b3 35. Ba3 Ra8 36. Ra1 Rxd4 37. f6 Rda4 38. Rd3 Rxa3 39. Rxa3 Rxa3 40. Rxd5 h6 41. Rd8+ Kh7 0-1

[Event "Teplice Open 2019"]
[Site "Teplice"]
[Date "2019.06.20"]
[Round "6.34"]
[White "Pajeken, Jakob Leon"]
[Black "Ehrke, Michael"]
[Result "1/2-1/2"]
[ECO "D30"]
[WhiteElo "2359"]
[BlackElo "2222"]
[Annotator "NA"]
[PlyCount "54"]
[EventDate "2019.06.15"]
[EventType "swiss"]
[EventCountry "CZE"]
[SourceTitle "playchess.com"]
[Source "ChessBase"]
[SourceQuality "1"]
[TimeControl "40/5400+30:1800+30"]

1. d4 d5 2. c4 e6 3. Nf3 c5 4. e3 Nf6 5. cxd5 exd5 6. Bb5+ Bd7 7. Bxd7+ Nbxd7 8. O-O Be7 9. Nc3 b6 10. Ne5 O-O 11. Nc6 Qe8 12. dxc5 Bxc5 13. Nxd5 Nxd5 14. Qxd5 Nf6 15. Qf3 Rc8 16. Nd4 Qe5 17. Nf5 Rfd8 18. Rb1 Qe6 19. b4 Bf8 20. Bb2 Ne4 21. Nd4 Qg6 22. Rbd1 Bxb4 23. Nf5 Ng5 24. Qg4 Ne6 25. Qf3 Ng5 26. Qg4 Ne6 27. Qf3 Ng5 1/2-1/2